 Dungeon Crawl Stone Soup version 0.23-a0-612-gcb482e9 (console) character file.

2 bli the Skirmisher (level 1, -1/19 HPs)
             Began as a Draconian Wanderer on Dec 21, 2018.
             Slain by a kobold
             ... wielding a +0 dagger
              (2 damage)
             ... on level 1 of the Dungeon.
             The game lasted 00:01:24 (142 turns).

bli the Skirmisher (Draconian Wanderer)              Turns: 142, Time: 00:01:25

Health: -1/19      AC:  4    Str: 13    XL:     1   Next: 33%
Magic:  2/2        EV: 11    Int: 11    God:
Gold:   30         SH:  0    Dex: 12    Spells: 1/2 levels left

rFire    . . .     SeeInvis .   b - +2 blowgun
rCold    . . .     Gourm    .   (no shield)
rNeg     . . .     Faith    .   (armour unavailable)
rPois    .         Spirit   .   (helmet restricted)
rElec    .         Reflect  .   (no cloak)
rCorr    .         Harm     .   (no gloves)
MR       .....                  (no boots)
Stlth    +.........             (no amulet)
HPRegen  0.06/turn              (no ring)
MPRegen  0.08/turn              (no ring)

@: no status effects
A: unfitting armour, cold-blooded, AC +4
a: no special abilities


You were on level 1 of the Dungeon.
You were not hungry.

You visited 1 branch of the dungeon, and saw 1 of its levels.

You collected 30 gold pieces.

Inventory:

Hand Weapons
 b - a +2 blowgun (weapon)
 c - a +0 shortbow
Missiles
 a - 2 curare-tipped needles (quivered)
 d - 18 arrows
 e - 33 poisoned needles
Scrolls
 g - a scroll of noise {unknown}
Potions
 h - a potion of degeneration {unknown}
Comestibles
 f - a ration


   Skills:
 + Level 3.4 Fighting
 + Level 1.8 Bows
 + Level 1.0 Throwing
   Level 1.0 Shields
 + Level 1.0 Spellcasting
   Level 1.0 Translocations
   Level 1.0 Earth Magic


You had one spell level left.
You knew the following spells:

 Your Spells              Type           Power        Failure   Level  Hunger
a - Freeze                Ice            #...         32%         1    ##.....

Your spell library contained the following spells:

 Spells                   Type           Power        Failure   Level  Hunger
 Ozocubu's Armour         Chrm/Ice       #.......     67%         3    ####...


Dungeon Overview and Level Annotations

Branches:
Dungeon (1/15)

Altars:


Innate Abilities, Weirdness & Mutations

Your plain brown scales are hard. (AC +4)
You cannot fit into any form of body armour.
You are cold-blooded and may be slowed by cold attacks.


Message History

You closely miss the kobold. The kobold closely misses you.
The frilled lizard bites you but does no damage.
The kobold hits you with a +0 dagger.
* * * LOW HITPOINT WARNING * * *
You closely miss the kobold.
The frilled lizard bites you but does no damage.
The kobold closely misses you. The frilled lizard closely misses you.
You see here 23 poisoned needles.
e - 33 poisoned needles (gained 23)
The kobold closely misses you. The frilled lizard barely misses you.
You clumsily bash the kobold but do no damage.
The kobold hits you but does no damage. The frilled lizard bites you.
* * * LOW HITPOINT WARNING * * *
The kobold closely misses you.
You clumsily bash the frilled lizard but do no damage.
The frilled lizard bites you but does no damage.
The kobold completely misses you. The frilled lizard bites you.
* * * LOW HITPOINT WARNING * * *
You barely miss the kobold. The kobold hits you with a +0 dagger.
You die...

########### #..........
#.......... #..........
##### #..........
#...######..........
#####...................
.....>..................
#.......######..........
#.......# ###########
#......@# #.....lK#
#..............
...............
#..............
#..............
#..............
#..............
#..............


You could see a kobold and a frilled lizard.

Vanquished Creatures
  A goblin (D:1)
  2 rats (D:1)
3 creatures vanquished.

Notes
Turn   | Place    | Note
-------+----------+-------------------------------------------
     0 | D:1      | bli the Draconian Wanderer began the quest for the Orb.
     0 | D:1      | bli set off with the following items: 2 curare-tipped
                  | needles, a +2 blowgun, a +0 shortbow, 18 arrows, a ration;
                  | and the following spell memorised: Freeze; and the
                  | following spells available to memorise: Ozocubu's Armour
     0 | D:1      | Reached XP level 1. HP: 19/19 MP: 2/2
   142 | D:1      | Slain by a kobold

Vault maps used:
D:1:      minmay_arrival_jagged

Action                   || total
-------------------------++-------
Melee: Blowgun           ||    58
       Tailslap          ||     4
  Use: Potion            ||     1
Armor: Skin              ||    33
Dodge: Dodged            ||    50

Table legend:
 A = Non-vault XP
 B = Vault XP
 C = Vault XP percentage of total XP
 D = Non-vault monster count
 E = Vault monster count
 F = Vault count percentage of total count
                 A         B        C        D         E       F
            +---------+---------+-------+---------+---------+-------
      Total |       4 |       0 |   0.0 |       3 |       0 |   0.0
            +---------+---------+-------+---------+---------+-------
        D:1 |       4 |       0 |   0.0 |       3 |       0 |   0.0
            +---------+---------+-------+---------+---------+-------
